ORI
COASTAL CAROLINA UNIVERSITY CHANTICLEERS @ UNIVERSITY OF MINNESOTA GOLDEN GOPHERS
09/24/2048
 
TOP OF THE 1ST
Coastal Carolina University Chanticleers batting - Pitching for University of Minnesota Golden Gophers : RHP Danny Colon
Pitching: RHP Danny Colon
Batting: RHB Tatsunori Ishigaki 0-0: Called Strike
0-1: Swinging Strike
0-2: Foul Ball, location: 2F
0-2: Ball
1-2: Strikes out swinging
Batting: RHB Mark Tart 0-0: Ground out 4-3 (Groundball, 4, EV 85.6 MPH)
Batting: LHB Orlando Hurtado 0-0: Called Strike
0-1: Ball
1-1: SINGLE (Groundball, 56D, EV 97.5 MPH)
Batting: RHB Chris McDaniel 0-0: Ball
1-0: Swinging Strike
1-1: Ball
2-1: Foul Ball, location: 2F
2-2: Ball
3-2: Reached on error, E3 (Groundball, 34, EV 85.6 MPH)
Orlando Hurtado to second
Batting: LHB Nate Kokx 0-0: Ball
1-0: Ball
2-0: Called Strike
2-1: Swinging Strike
2-2: Strikes out swinging
Top of the 1st over - 0 runs, 1 hit, 1 error, 2 left on base; Coastal Carolina University 0 - University of Minnesota 0
BOTTOM OF THE 1ST
University of Minnesota Golden Gophers batting - Pitching for Coastal Carolina University Chanticleers : RHP Oscar Fajardo
Pitching: RHP Oscar Fajardo
Batting: LHB Alex Villa 0-0: Foul Ball, location: 2F
0-1: Foul Ball, location: 2F
0-2: Ball
1-2: Ball
2-2: Ball
3-2: Fly out, F7 (Flyball, 7LS, EV 91.2 MPH)
Batting: RHB Tatsuyoshi Ikeda 0-0: Ball
1-0: Ball
2-0: Foul Ball, location: 2F
2-1: Swinging Strike
2-2: Strikes out swinging
Batting: LHB Dick Shafer 0-0: Called Strike
0-1: Ball
1-1: Ball
2-1: TRIPLE (Flyball, 78XD, EV 95.6 MPH)
Batting: RHB Ozzie Buendia 0-0: Foul Ball, location: 2F
0-1: TRIPLE (Line Drive, 8RXD, EV 105.6 MPH)
Dick Shafer scores
Batting: LHB Jose Moncada 0-0: Ball
1-0: Ball
2-0: Called Strike
2-1: Ball
3-1: Called Strike
3-2: Foul Ball, location: 2F
3-2: SINGLE (Groundball, 4D, EV 99.4 MPH)
Ozzie Buendia scores
Batting: LHB Bobby Agterberg 0-0: Ground out 1-3 (Groundball, 15S, EV 66.9 MPH)
Bottom of the 1st over - 2 runs, 3 hits, 0 errors, 1 left on base; Coastal Carolina University 0 - University of Minnesota 2
TOP OF THE 2ND
Coastal Carolina University Chanticleers batting - Pitching for University of Minnesota Golden Gophers : RHP Danny Colon
Batting: LHB Justin Sanders 0-0: Ball
1-0: Ball
2-0: Called Strike
2-1: Ball
3-1: Called Strike
3-2: Strikes out looking
Batting: RHB Oscar Hernandez 0-0: Fly out, F7 (Flyball, 7, EV 95.6 MPH)
Batting: RHB Fernando Tovar 0-0: Foul Ball, location: 2F
0-1: Fly out, F2 (Popup, 23F, EV 80.0 MPH)
Top of the 2nd over - 0 runs, 0 hits, 0 errors, 0 left on base; Coastal Carolina University 0 - University of Minnesota 2
BOTTOM OF THE 2ND
University of Minnesota Golden Gophers batting - Pitching for Coastal Carolina University Chanticleers : RHP Oscar Fajardo
Batting: LHB Ivan Villegas 0-0: Foul Ball, location: 2F
0-1: Ball
1-1: Foul Ball, location: 2F
1-2: Foul Ball, location: 2F
1-2: Reached on error, E1 (Groundball, 13S, EV 60.6 MPH)
Batting: RHB Jason Mooris 0-0: Foul Ball, location: 2F
0-1: Ball
1-1: Foul Ball, location: 2F
1-2: Strikes out swinging
Batting: RHB Josh Gifford 0-0: Ball
1-0: Called Strike
1-1: Foul Ball, location: 2F
1-2: Ground out 6-3 (Groundball, 6M, EV 101.9 MPH)
Ivan Villegas to second
Batting: LHB Alex Villa 0-0: Called Strike
0-1: Swinging Strike
0-2: Strikes out looking
Bottom of the 2nd over - 0 runs, 0 hits, 1 error, 1 left on base; Coastal Carolina University 0 - University of Minnesota 2
TOP OF THE 3RD
Coastal Carolina University Chanticleers batting - Pitching for University of Minnesota Golden Gophers : RHP Danny Colon
Batting: RHB Rene Napoles 0-0: Ball
1-0: Ball
2-0: Swinging Strike
2-1: SINGLE (Groundball, 56D, EV 106.2 MPH)
Batting: RHB Tatsunori Ishigaki 0-0: Ground out 1-3 (Groundball, 34S, EV 67.5 MPH)
Rene Napoles to second
Batting: RHB Mark Tart 0-0: Ball
1-0: Ball
Wild Pitch!
Rene Napoles to third
2-0: Ball
3-0: Called Strike
3-1: Base on Balls
Batting: LHB Orlando Hurtado 0-0: Called Strike
Mark Tart is caught stealing 2nd base 2-6
0-1: Ball
1-1: Ball
2-1: Ball
3-1: Fly out, F7 (Flyball, 78M, EV 83.1 MPH)
Top of the 3rd over - 0 runs, 1 hit, 0 errors, 1 left on base; Coastal Carolina University 0 - University of Minnesota 2
BOTTOM OF THE 3RD
University of Minnesota Golden Gophers batting - Pitching for Coastal Carolina University Chanticleers : RHP Oscar Fajardo
Batting: RHB Tatsuyoshi Ikeda 0-0: Called Strike
0-1: SINGLE (Groundball, 56D, EV 95.6 MPH)
Batting: LHB Dick Shafer 0-0: Ball
Tatsuyoshi Ikeda is caught stealing 2nd base 2-6
1-0: Ground out 6-3 (Groundball, 6, EV 86.9 MPH)
Batting: RHB Ozzie Buendia 0-0: Ball
1-0: SINGLE (Line Drive, 56D, EV 108.1 MPH)
Batting: LHB Jose Moncada 0-0: Ball
1-0: Ball
2-0: Ball
3-0: Called Strike
3-1: Base on Balls
Ozzie Buendia to second
Batting: LHB Bobby Agterberg 0-0: Foul Ball, location: 2F
0-1: Ground out U3 (Groundball, 34, EV 99.4 MPH)
Bottom of the 3rd over - 0 runs, 2 hits, 0 errors, 2 left on base; Coastal Carolina University 0 - University of Minnesota 2
TOP OF THE 4TH
Coastal Carolina University Chanticleers batting - Pitching for University of Minnesota Golden Gophers : RHP Danny Colon
Batting: RHB Chris McDaniel 0-0: Ball
1-0: Foul Ball, location: 2F
1-1: Called Strike
1-2: Strikes out swinging
Batting: LHB Nate Kokx 0-0: Called Strike
0-1: Ball
1-1: Called Strike
1-2: Strikes out swinging
Batting: LHB Justin Sanders 0-0: Called Strike
0-1: Swinging Strike
0-2: Ball
1-2: Strikes out swinging
Top of the 4th over - 0 runs, 0 hits, 0 errors, 0 left on base; Coastal Carolina University 0 - University of Minnesota 2
BOTTOM OF THE 4TH
University of Minnesota Golden Gophers batting - Pitching for Coastal Carolina University Chanticleers : RHP Oscar Fajardo
Batting: LHB Ivan Villegas 0-0: Ball
1-0: Ball
2-0: Called Strike
2-1: Ball
3-1: Ground out U3 (Groundball, 3S, EV 90.0 MPH)
Batting: RHB Jason Mooris 0-0: Ball
1-0: Called Strike
1-1: Ball
2-1: Ground out 5-3 (Groundball, 56, EV 88.1 MPH)
Batting: RHB Josh Gifford 0-0: Swinging Strike
0-1: Called Strike
0-2: Strikes out swinging
Bottom of the 4th over - 0 runs, 0 hits, 0 errors, 0 left on base; Coastal Carolina University 0 - University of Minnesota 2
TOP OF THE 5TH
Coastal Carolina University Chanticleers batting - Pitching for University of Minnesota Golden Gophers : RHP Danny Colon
Batting: RHB Oscar Hernandez 0-0: Ball
1-0: Ground out 5-3 (Groundball, 5L, EV 92.5 MPH)
Batting: RHB Fernando Tovar 0-0: Ball
1-0: Ball
2-0: Ball
3-0: Called Strike
3-1: Ground out 6-3 (Groundball, 6MS, EV 86.2 MPH)
Batting: RHB Rene Napoles 0-0: Ball
1-0: Called Strike
1-1: Ball
2-1: Swinging Strike
2-2: Strikes out swinging
Top of the 5th over - 0 runs, 0 hits, 0 errors, 0 left on base; Coastal Carolina University 0 - University of Minnesota 2
BOTTOM OF THE 5TH
University of Minnesota Golden Gophers batting - Pitching for Coastal Carolina University Chanticleers : RHP Oscar Fajardo
Batting: LHB Alex Villa 0-0: Ball
1-0: Ball
2-0: Foul Ball, location: 2F
2-1: Fly out, F7 (Line Drive, 78M, EV 103.8 MPH)
Batting: RHB Tatsuyoshi Ikeda 0-0: Called Strike
0-1: Swinging Strike
0-2: Ball
1-2: Ground out 5-3 (Groundball, 56S, EV 68.8 MPH)
Batting: LHB Dick Shafer 0-0: Ball
1-0: Called Strike
1-1: Foul Ball, location: 2F
1-2: Ball
2-2: Ball
3-2: SINGLE (Groundball, 3S, EV 64.4 MPH) (infield hit)
Pitching: RHP Moises Santos
Batting: RHB Ozzie Buendia 0-0: Foul Ball, location: 2F
0-1: Ball
1-1: Ground out 4-3 (Groundball, 4, EV 90.0 MPH)
Bottom of the 5th over - 0 runs, 1 hit, 0 errors, 1 left on base; Coastal Carolina University 0 - University of Minnesota 2
TOP OF THE 6TH
Coastal Carolina University Chanticleers batting - Pitching for University of Minnesota Golden Gophers : RHP Danny Colon
Batting: RHB Tatsunori Ishigaki 0-0: Ball
1-0: Ball
2-0: Ball
3-0: Foul Ball, location: 2F
3-1: Swinging Strike
3-2: Strikes out swinging
Batting: RHB Mark Tart 0-0: Called Strike
0-1: Ball
1-1: Foul Ball, location: 2F
1-2: Strikes out swinging
Batting: LHB Orlando Hurtado 0-0: Fly out, F8 (Flyball, 8LM, EV 86.2 MPH)
Top of the 6th over - 0 runs, 0 hits, 0 errors, 0 left on base; Coastal Carolina University 0 - University of Minnesota 2
BOTTOM OF THE 6TH
University of Minnesota Golden Gophers batting - Pitching for Coastal Carolina University Chanticleers : RHP Moises Santos
Batting: LHB Jose Moncada 0-0: Swinging Strike
0-1: Called Strike
0-2: Ball
1-2: Ball
2-2: Fly out, F8 (Flyball, 8RS, EV 83.8 MPH)
Batting: LHB Bobby Agterberg 0-0: Called Strike
0-1: Called Strike
0-2: Ball
1-2: Strikes out swinging
Batting: LHB Ivan Villegas 0-0: Ball
1-0: Called Strike
1-1: Ball
2-1: Foul Ball, location: 2F
2-2: Foul Ball, location: 2F
2-2: SINGLE (Groundball, 4M, EV 103.8 MPH)
Batting: RHB Jason Mooris 0-0: Ball
1-0: Ball
Ivan Villegas is caught stealing 2nd base 2-4
Bottom of the 6th over - 0 runs, 1 hit, 0 errors, 0 left on base; Coastal Carolina University 0 - University of Minnesota 2
TOP OF THE 7TH
Coastal Carolina University Chanticleers batting - Pitching for University of Minnesota Golden Gophers : RHP Danny Colon
Pitching: RHP Mike Binns
Batting: RHB Chris McDaniel 0-0: Fly out, F4 (Popup, 4, EV 53.1 MPH)
Batting: LHB Nate Kokx 0-0: Foul Ball, location: 2F
0-1: Called Strike
0-2: Foul Ball, location: 2F
0-2: Strikes out looking
Batting: LHB Justin Sanders 0-0: Called Strike
0-1: Ball
1-1: Called Strike
1-2: Ball
2-2: Ball
3-2: Base on Balls
Batting: RHB Oscar Hernandez 0-0: Ball
1-0: Ball
2-0: Called Strike
Balk!
Justin Sanders to second
2-1: Foul Ball, location: 2F
2-2: Foul Ball, location: 2F
2-2: Foul Ball, location: 2F
2-2: Strikes out swinging
Top of the 7th over - 0 runs, 0 hits, 0 errors, 1 left on base; Coastal Carolina University 0 - University of Minnesota 2
BOTTOM OF THE 7TH
University of Minnesota Golden Gophers batting - Pitching for Coastal Carolina University Chanticleers : RHP Moises Santos
Pitching: LHP Elijah Mangrum
Batting: RHB Jason Mooris 0-0: Ball
1-0: Ground out 5-3 (Groundball, 56, EV 84.4 MPH)
Batting: RHB Josh Gifford 0-0: Foul Ball, location: 2F
0-1: Swinging Strike
0-2: Foul Ball, location: 2F
0-2: Strikes out looking
Batting: LHB Alex Villa 0-0: Called Strike
0-1: SINGLE (Flyball, 89S, EV 90.0 MPH)
Batting: RHB Tatsuyoshi Ikeda 0-0: Ball
Alex Villa is caught stealing 2nd base 2-4
Bottom of the 7th over - 0 runs, 1 hit, 0 errors, 0 left on base; Coastal Carolina University 0 - University of Minnesota 2
TOP OF THE 8TH
Coastal Carolina University Chanticleers batting - Pitching for University of Minnesota Golden Gophers : RHP Mike Binns
Batting: RHB Fernando Tovar 0-0: Ball
1-0: Ball
2-0: Foul Ball, location: 2F
2-1: Ball
3-1: Called Strike
3-2: Strikes out looking
Batting: RHB Rene Napoles 0-0: Foul Ball, location: 2F
0-1: Ball
1-1: Ball
2-1: Foul Ball, location: 2F
2-2: Strikes out swinging, 2-3 out at first.
Batting: RHB Tatsunori Ishigaki 0-0: SINGLE (Line Drive, 7S, EV 87.5 MPH)
Pitching: RHP Bobby Rodriguez
Batting: RHB Mark Tart 0-0: Called Strike
0-1: Reached on error, E6 (Groundball, 6D, EV 85.6 MPH)
Tatsunori Ishigaki to second
Batting: LHB Orlando Hurtado 0-0: Called Strike
0-1: Ball
1-1: Ground out 4-3 (Groundball, 4S, EV 84.4 MPH)
Top of the 8th over - 0 runs, 1 hit, 1 error, 2 left on base; Coastal Carolina University 0 - University of Minnesota 2
BOTTOM OF THE 8TH
University of Minnesota Golden Gophers batting - Pitching for Coastal Carolina University Chanticleers : LHP Elijah Mangrum
Batting: RHB Tatsuyoshi Ikeda 0-0: Foul Ball, location: 2F
0-1: Ball
1-1: Fly out, F8 (Flyball, 8LD, EV 91.9 MPH)
Batting: LHB Dick Shafer 0-0: Foul Ball, location: 2F
0-1: Called Strike
0-2: Ball
1-2: Fly out, F8 (Flyball, 8RS, EV 81.9 MPH)
Batting: RHB Ozzie Buendia 0-0: Ball
1-0: Called Strike
1-1: Ball
2-1: Ball
3-1: Reached on error, E5 (Groundball, 5L, EV 80.6 MPH)
Batting: LHB Jose Moncada 0-0: Ball
1-0: Ball
2-0: Called Strike
2-1: 2-RUN HOME RUN (Line Drive, 7D, EV 105.0 MPH), Distance : 412 ft
Batting: LHB Bobby Agterberg 0-0: Ball
1-0: Called Strike
1-1: Called Strike
1-2: Strikes out swinging
Bottom of the 8th over - 2 runs, 1 hit, 1 error, 0 left on base; Coastal Carolina University 0 - University of Minnesota 4
TOP OF THE 9TH
Coastal Carolina University Chanticleers batting - Pitching for University of Minnesota Golden Gophers : RHP Bobby Rodriguez
Pitching: RHP Adam Wickwire
Batting: RHB Chris McDaniel 0-0: Swinging Strike
0-1: Called Strike
0-2: Ball
1-2: Strikes out swinging
Batting: LHB Nate Kokx 0-0: Ball
1-0: Ball
2-0: Called Strike
2-1: Foul Ball, location: 2F
2-2: Ball
3-2: Foul Ball, location: 2F
3-2: Strikes out swinging
Batting: LHB Justin Sanders 0-0: Ball
1-0: Swinging Strike
1-1: Swinging Strike
1-2: Strikes out swinging
Top of the 9th over - 0 runs, 0 hits, 0 errors, 0 left on base; Coastal Carolina University 0 - University of Minnesota 4
Tuesday, March 28th , 2023 - OOTP Baseball 23.10 Build 110